 Dungeon Crawl Stone Soup version 0.17-a0-1753-g75d4604 (webtiles) character file.

1033 Mygna the Spear-Bearer (level 8, -3/63 HPs)
             Began as a Mottled Draconian Fighter on Sept 2, 2015.
             Was an Initiate of Ashenzari.
             Killed by divine providence
             ... invoked by an orc priest
              (12 damage)
             ... on level 4 of the Dungeon.
             The game lasted 00:14:20 (5081 turns).

Mygna the Spear-Bearer (Mottled Draconian Fighter)  Turns: 5081, Time: 00:14:20

Health: -3/63      AC:  9    Str: 20    XL:     8   Next: 3%
Magic:  8/8        EV: 10    Int: 11    God:    Ashenzari [......]
Gold:   85         SH:  9    Dex: 11    Spells: 0 memorised, 7 levels left

rFire  . . .     SeeInvis +     a - +0 trident
rCold  . . .     Clarity  +     (armour unavailable)
rNeg   . . .     SustAt   .     b - +0 shield
rPois  .         Gourm    .     (helmet restricted)
rElec  .         Spirit   .     j - +1 cloak (curse)
rCorr  .         Warding  .     k - +0 pair of gloves
rMut   .         Stasis   .     (no boots)
MR     .....                    (no amulet)
Stlth  +.........               (no ring)
                                c - ring of see invisible (curse)

@: lethally poisoned (-3 -> -11), short of breath, not resistant to hostile
enchantments, very unstealthy
A: breathe sticky flame splash, unfitting armour, talons 1, clarity, screaming
1, strong 1, cold-blooded, AC +6
a: Breathe Sticky Flame, Renounce Religion


You were on level 4 of the Dungeon.
You worshipped Ashenzari.
Ashenzari was noncommittal.
You were not hungry.

You visited 2 branches of the dungeon, and saw 7 of its levels.

You collected 229 gold pieces.
You spent 144 gold pieces at shops.

Inventory:

Hand weapons
 a - a +0 trident (weapon)
Armour
 b - a +0 shield (worn)
 j - a cursed +1 cloak (worn)
 k - a +0 pair of gloves (worn)
Jewellery
 c - a cursed ring of see invisible (left hand)
Magical devices
 o - a wand of frost (26)
 u - a wand of confusion (48)
Scrolls
 f - 2 scrolls of immolation
 l - 3 scrolls of teleportation
 m - a scroll of noise
 n - a scroll of fog
 r - a scroll of curse jewellery
 t - a scroll of enchant weapon {unknown}
Potions
 e - 2 potions of agility
 h - 2 potions of curing
 i - a potion of mutation {unknown}
 s - a potion of invisibility
 v - a potion of magic {unknown}
Comestibles
 d - 2 bread rations
 g - 2 beef jerkies
 p - 7 chunks of flesh
 q - a meat ration


   Skills:
 - Level 3.2 Fighting
 * Level 8.9 Polearms
 - Level 2.6 Dodging
 + Level 4.5 Shields


You had 7 spell levels left.
You didn't know any spells.

Dungeon Overview and Level Annotations

Branches:
Dungeon (6/15)             Temple (1/1) D:5

Altars:
Ashenzari
Cheibriados
Dithmenos
Elyvilon
Fedhas
Gozag
Kikubaaqudgha
Makhleb
Nemelex Xobeh
Okawaru
Qazlal
Ru
Sif Muna
Trog
Yredelemnul
Zin
The Shining One

Shops:
D:6 !

Annotations:
D:2 Sigmund


Innate Abilities, Weirdness & Mutations

You can spit globs of burning liquid.
You can ignite nearby creatures when you spit burning liquid.
Your weird mottled scales are hard (AC +6).
Your body does not fit into most forms of armour.
You are cold-blooded and may be slowed by cold attacks.
You have sharp toenails.
You possess an exceptional clarity of mind.
You occasionally shout uncontrollably at your foes.
Your muscles are strong. (Str +2)


Message History

The orc priest is lightly wounded.
You feel sick. You block the orc priest's attack. The orc misses you.
The orc priest hits you but does no damage.
You are more poisoned.
Your shield prevents you from hitting the orc priest.
You claw the orc priest, but do no damage.
You tail-slap the orc priest.
The orc priest is heavily wounded.
You feel sick. The orc barely misses you.
The orc priest hits you with a trident. The orc priest misses you.
You hit the orc priest.
You claw the orc priest, but do no damage.
The orc priest is severely wounded.
You feel sick. The orc closely misses you.
The orc priest calls down the wrath of Beogh upon you.
Something smites you!
* * * LOW HITPOINT WARNING * * *
The orc priest invokes the aid of Beogh against you.
Something smites you!
You die...

## ## ..# .. #.# # ..
###.# .... #. ...#
.##..###. #..#
####.###..#..###..#
#.....##.....##...##
#...........o@.....#
#...##......oo.##..#
####.[####..._...####.#
..##...##.........##..#
......................#
.........##...))##....#
.....##(###..#).###...#
.....#..##..###..##...#
...?........###......##


You could see 2 orc priests and an orc.

Vanquished Creatures
  A sky beast (D:6)
  A phantom (D:5)
  A centaur (D:5)
  A scorpion (D:5)
  A crimson imp (D:5)
  A wasp zombie (D:5)
  A hound (D:4)
  5 orc wizards
  3 orc priests
  Jessica (D:2)
  A giant frog skeleton (D:4)
  2 worker ants (D:4)
  Terence (D:2)
  An iguana (D:5)
  8 adders
  6 gnolls (D:5)
  A shadow imp (D:6)
  2 oozes (D:1)
  2 worms
  An adder skeleton (D:5)
  12 orcs
  A ball python (D:3)
  7 giant cockroaches
  7 hobgoblins
  3 jackals (D:5)
  8 kobolds
  6 quokkas
  12 bats
  4 giant geckos
  5 giant newts
  6 goblins
  11 rats
123 creatures vanquished.

Notes
Turn   | Place    | Note
--------------------------------------------------------------
     0 | D:1      | Mygna the Draconian Fighter began the quest for the Orb.
     0 | D:1      | Reached XP level 1. HP: 19/19 MP: 1/1
   116 | D:1      | Reached XP level 2. HP: 21/26 MP: 2/2
   478 | D:1      | Reached XP level 3. HP: 31/31 MP: 3/3
   484 | D:1      | You fall through a shaft!
   695 | D:2      | Reached skill level 4 in Polearms
   940 | D:2      | Noticed Terence
   959 | D:2      | Killed Terence
   959 | D:2      | Reached XP level 4. HP: 13/38 MP: 4/4
  1333 | D:2      | Noticed Jessica
  1342 | D:2      | Killed Jessica
  1538 | D:2      | Reached skill level 5 in Polearms
  1730 | D:2      | Found a burning altar of Makhleb.
  1730 | D:2      | Found a blossoming altar of Fedhas.
  1884 | D:2      | Noticed Sigmund
  2220 | D:2      | Reached XP level 5. HP: 43/45 MP: 5/5
  2596 | D:3      | Found an opulent altar of Gozag.
  2980 | D:3      | You fall through a shaft for 3 floors!
  3002 | D:6      | Found a stormy altar of Qazlal.
  3020 | D:6      | Found a sparkling altar of Nemelex Xobeh.
  3033 | D:6      | Found Yxzo's Distillery.
  3036 | D:6      | Bought a potion of curing for 36 gold pieces
  3036 | D:6      | Bought a potion of degeneration for 12 gold pieces
  3036 | D:6      | Bought a potion of invisibility for 96 gold pieces
  3065 | D:6      | Noticed a sky beast
  3084 | D:6      | Killed a sky beast
  3084 | D:6      | Reached skill level 6 in Polearms
  3084 | D:6      | Reached XP level 6. HP: 19/51 MP: 6/6
  3106 | D:6      | Gained mutation: You possess an exceptional clarity of mind. [mutagenic meat]
  3107 | D:6      | Gained mutation: You occasionally shout uncontrollably at your foes. [mutagenic meat]
  3108 | D:6      | Gained mutation: You have sharp toenails. [mutagenic meat]
  3109 | D:6      | Gained mutation: Your muscles are strong. (Str +2) [mutagenic meat]
  3435 | D:5      | Entered Level 5 of the Dungeon
  3451 | D:5      | Reached skill level 7 in Polearms
  3800 | D:5      | Your scales start taking on a weird mottled colour.
  3800 | D:5      | Reached XP level 7. HP: 29/57 MP: 7/7
  3955 | D:5      | Reached skill level 8 in Polearms
  4238 | D:5      | Found a staircase to the Ecumenical Temple.
  4247 | Temple   | Entered the Ecumenical Temple
  4283 | Temple   | Became a worshipper of Ashenzari the Shackled
  4781 | D:3      | Found a snail-covered altar of Cheibriados.
  4981 | D:4      | Found a shadowy altar of Dithmenos.
  4991 | D:4      | Reached XP level 8. HP: 55/63 MP: 8/8
  5081 | D:4      | Killed from afar by an orc priest

Vault maps used:
D:1:      dpeg_arrival_arbitrary_c
D:2:      gammafunk_temple_overflow_elements, first_bread, uniq_terence,
          uniq_sigmund, uniq_jessica
D:3:      nicolae_overflow_hidden_temple,
          nicolae_gozag_cash_rules_everything_around_me
D:4:      tgw_xom, nicolae_dithmenos_shadow_blocks
D:5:      temple_hall, small_statue_intersection, hangedman_decor_peaks_small,
          hangedman_abyss_or_decor_stabs
D:6:      nicolae_qazlal_style_of_elements, serial_shops,
          nicolae_shop_behind_doors, nemelex_deck, uniq_grinder
Temple:   circular_temple_12

Action                   |  1- 3 |  4- 6 |  7- 9 || total
-------------------------+-------+-------+-------++-------
Melee: Trident           |   137 |   264 |   114 ||   515
 Abil: Breathe Sticky Fl |       |       |    10 ||    10
  Use: Potion            |     1 |       |     2 ||     3
       Scroll            |       |       |    11 ||    11
 Stab: Sleeping          |     2 |     2 |       ||     4
  Eat: Chunk             |       |    14 |     1 ||    15
       Meat ration       |       |       |     1 ||     1
